SL
ROCKY MOUNTAIN NUGGETS @ WIZARDING EXPRESS
09/03/2031
 
TOP OF THE 1ST
Rocky Mountain Nuggets batting - Pitching for Wizarding Express : LHP Jorge Cedeño
Pitching: LHP Jorge Cedeño
Batting: RHB Luis Ríos 0-0: Ball
1-0: Ball
2-0: Ball
3-0: Called Strike
3-1: Base on Balls
Batting: RHB Wrangler Haresnape 0-0: Ball
1-0: Ground out 4-3 (Groundball, 4S)
Luis Ríos to second
Batting: RHB Ed Adams 0-0: Ball
1-0: Called Strike
1-1: Swinging Strike
1-2: Ball
2-2: Fly out, F4 (Flyball, 4D)
Batting: RHB Paco Muñóz 0-0: Called Strike
0-1: Fly out, F7 (Flyball, 7S)
Top of the 1st over - 0 runs, 0 hits, 0 errors, 1 left on base; Rocky Mountain 0 - Wizarding 0
BOTTOM OF THE 1ST
Wizarding Express batting - Pitching for Rocky Mountain Nuggets : LHP Carlos Medina
Pitching: LHP Carlos Medina
Batting: LHB José Corona 0-0: Called Strike
0-1: SOLO HOME RUN (Flyball, 9LD), Distance : 333 ft
Batting: RHB Frank Grimes 0-0: Ball
1-0: Swinging Strike
1-1: Swinging Strike
1-2: Strikes out looking
Batting: RHB António Martínez 0-0: Foul Ball, location: 2F
0-1: SINGLE (Flyball, 56D)
Batting: RHB Ralph Cranford 0-0: Ball
1-0: Fly out, F7 (Flyball, 78M)
Batting: LHB Nathan Tanner 0-0: Foul Ball, location: 2F
0-1: Foul Ball, location: 2F
0-2: Ball
1-2: Strikes out swinging
Bottom of the 1st over - 1 run, 2 hits, 0 errors, 1 left on base; Rocky Mountain 0 - Wizarding 1
TOP OF THE 2ND
Rocky Mountain Nuggets batting - Pitching for Wizarding Express : LHP Jorge Cedeño
Batting: RHB Matt Sheppard 0-0: Called Strike
0-1: Foul Ball, location: 2F
0-2: Foul Ball, location: 2F
0-2: Ball
1-2: Foul Ball, location: 2F
1-2: Fly out, F3 (Popup, 3)
Batting: RHB Sergio Martínez 0-0: Ball
1-0: Ground out 4-3 (Groundball, 34)
Batting: RHB John Burton 0-0: Called Strike
0-1: Ball
1-1: Swinging Strike
1-2: Strikes out swinging
Top of the 2nd over - 0 runs, 0 hits, 0 errors, 0 left on base; Rocky Mountain 0 - Wizarding 1
BOTTOM OF THE 2ND
Wizarding Express batting - Pitching for Rocky Mountain Nuggets : LHP Carlos Medina
Batting: RHB Paul Penrice 0-0: Foul Ball, location: 2F
0-1: Ball
1-1: SINGLE (Flyball, 8LS)
Batting: SHB Salvador Trevino 0-0: Fly out, F7 (Flyball, 78S)
Batting: SHB Jake Richardson 0-0: Swinging Strike
0-1: Foul Ball, location: 2F
0-2: Ball
1-2: Foul Ball, location: 2F
1-2: Strikes out swinging
Batting: LHB David Breitling 0-0: Ball
1-0: Foul Ball, location: 2F
1-1: Ball
2-1: Ball
3-1: Called Strike
3-2: Base on Balls
Paul Penrice to second
Batting: LHB José Corona 0-0: Ball
1-0: Ball
2-0: Ball
3-0: Called Strike
3-1: Base on Balls
Paul Penrice to third
David Breitling to second
Batting: RHB Frank Grimes 0-0: Ball
1-0: Called Strike
1-1: Foul Ball, location: 2F
1-2: Ground out 4-3 (Groundball, 4)
Bottom of the 2nd over - 0 runs, 1 hit, 0 errors, 3 left on base; Rocky Mountain 0 - Wizarding 1
TOP OF THE 3RD
Rocky Mountain Nuggets batting - Pitching for Wizarding Express : LHP Jorge Cedeño
Batting: RHB Pedro Longoria 0-0: Foul Ball, location: 2F
0-1: Ball
1-1: Foul Ball, location: 2F
1-2: Ball
2-2: Ball
3-2: Base on Balls
Batting: LHB Sisto Pagnamenta 0-0: Ball
1-0: Swinging Strike
1-1: Ball
2-1: Swinging Strike
2-2: Strikes out looking
Batting: RHB Luis Ríos 0-0: Fielders Choice at 2nd, 4-6 (Groundball, 34)
Batting: RHB Wrangler Haresnape 0-0: Ball
1-0: Foul Ball, location: 2F
1-1: Ball
2-1: SINGLE (Flyball, 8RM)
Luis Ríos to second
Runner from 2nd tries for 3rd, SAFE, throw made to third
Batting: RHB Ed Adams 0-0: Ground out U3 (Groundball, 34S)
Top of the 3rd over - 0 runs, 1 hit, 0 errors, 2 left on base; Rocky Mountain 0 - Wizarding 1
BOTTOM OF THE 3RD
Wizarding Express batting - Pitching for Rocky Mountain Nuggets : LHP Carlos Medina
Batting: RHB António Martínez 0-0: Ball
1-0: Foul Ball, location: 2F
1-1: Foul Ball, location: 2F
1-2: Ball
2-2: SINGLE (Line Drive, 6)
Batting: RHB Ralph Cranford 0-0: Ball
1-0: Swinging Strike
1-1: Ball
2-1: Foul Ball, location: 2F
2-2: Ball
3-2: Strikes out swinging
Batting: LHB Nathan Tanner 0-0: Swinging Strike
0-1: Called Strike
0-2: Ball
1-2: Fly out, F9 (Flyball, 9D)
Batting: RHB Paul Penrice 0-0: Foul Ball, location: 2F
0-1: Swinging Strike
0-2: Foul Ball, location: 2F
0-2: Ball
António Martínez steals 2nd base
1-2: Ball
2-2: Strikes out swinging
Bottom of the 3rd over - 0 runs, 1 hit, 0 errors, 1 left on base; Rocky Mountain 0 - Wizarding 1
TOP OF THE 4TH
Rocky Mountain Nuggets batting - Pitching for Wizarding Express : LHP Jorge Cedeño
Batting: RHB Paco Muñóz 0-0: Ball
1-0: Foul Ball, location: 2F
1-1: Ball
2-1: Ball
3-1: Base on Balls
Batting: RHB Matt Sheppard 0-0: Ball
1-0: Foul Ball, location: 2F
1-1: Called Strike
1-2: Ball
2-2: Ball
3-2: Base on Balls
Paco Muñóz to second
Batting: RHB Sergio Martínez 0-0: Ball
1-0: Swinging Strike
1-1: SINGLE (Groundball, 4MD)
Paco Muñóz to third
Matt Sheppard to second
Runner from 3rd tries for Home, SAFE, no throw
Batting: RHB John Burton 0-0: Called Strike
0-1: Ball
1-1: TRIPLE (Flyball, 9LD)
Matt Sheppard scores
Sergio Martínez scores
Batting: RHB Pedro Longoria 0-0: Ball
1-0: Fly out, F7 (Flyball, 7LS)
Batting: LHB Sisto Pagnamenta 0-0: Foul Ball, location: 2F
0-1: Ball
1-1: Reached via error on a dropped throw, E1
John Burton scores
Batting: RHB Luis Ríos 0-0: Fly out, F8 (Flyball, 8RD)
Batting: RHB Wrangler Haresnape 0-0: Ball
1-0: Fielders Choice at 2nd, 5-4 (Groundball, 5)
Top of the 4th over - 4 runs, 2 hits, 1 error, 1 left on base; Rocky Mountain 4 - Wizarding 1
BOTTOM OF THE 4TH
Wizarding Express batting - Pitching for Rocky Mountain Nuggets : LHP Carlos Medina
Batting: SHB Salvador Trevino 0-0: Foul Ball, location: 2F
0-1: Called Strike
0-2: Strikes out looking
Batting: SHB Jake Richardson 0-0: Called Strike
0-1: SOLO HOME RUN (Flyball, 78XD), Distance : 371 ft
Batting: LHB David Breitling 0-0: Ball
1-0: Ball
2-0: Foul Ball, location: 2F
2-1: Foul Ball, location: 2F
2-2: Ground out U3 (Groundball, 34S)
Batting: LHB José Corona 0-0: Ball
1-0: Foul Ball, location: 2F
1-1: Ball
2-1: Ground out 4-3 (Groundball, 34D)
Bottom of the 4th over - 1 run, 1 hit, 0 errors, 0 left on base; Rocky Mountain 4 - Wizarding 2
TOP OF THE 5TH
Rocky Mountain Nuggets batting - Pitching for Wizarding Express : LHP Jorge Cedeño
Batting: RHB Ed Adams 0-0: Swinging Strike
0-1: SINGLE (Groundball, 25) (infield hit)
Batting: RHB Paco Muñóz 0-0: Ball
1-0: Called Strike
1-1: Grounds into double play, 4-6-3 (Groundball, 4)
Batting: RHB Matt Sheppard 0-0: Foul Ball, location: 2F
0-1: Ball
1-1: Foul Ball, location: 2F
1-2: Ball
2-2: Ball
3-2: Base on Balls
Batting: RHB Sergio Martínez 0-0: Called Strike
0-1: Called Strike
0-2: Foul Ball, location: 2F
0-2: Ball
1-2: Fielders Choice at 2nd, 6-4 (Groundball, 6)
Top of the 5th over - 0 runs, 1 hit, 0 errors, 1 left on base; Rocky Mountain 4 - Wizarding 2
BOTTOM OF THE 5TH
Wizarding Express batting - Pitching for Rocky Mountain Nuggets : LHP Carlos Medina
Batting: RHB Frank Grimes 0-0: Ball
1-0: Swinging Strike
1-1: DOUBLE (Line Drive, 5D)
Batting: RHB António Martínez 0-0: SINGLE (Flyball, 7LM)
Frank Grimes to third
Batting: RHB Ralph Cranford 0-0: Foul Ball, location: 2F
0-1: Ball
1-1: Foul Ball, location: 2F
1-2: Ball
2-2: Foul Ball, location: 2F
2-2: Fly out, F6 (Line Drive, 6)
Batting: LHB Nathan Tanner 0-0: Called Strike
0-1: Hit by Pitch
António Martínez to second
Batting: RHB Paul Penrice 0-0: Fly out, F4 (Line Drive, 34D)
Lined into DP, 4-6 (Line Drive, 34D)
Bottom of the 5th over - 0 runs, 2 hits, 0 errors, 2 left on base; Rocky Mountain 4 - Wizarding 2
TOP OF THE 6TH
Rocky Mountain Nuggets batting - Pitching for Wizarding Express : LHP Jorge Cedeño
Batting: RHB John Burton 0-0: Ball
1-0: Swinging Strike
1-1: Ball
2-1: Swinging Strike
2-2: Foul Ball, location: 2F
2-2: Foul Ball, location: 2F
2-2: Ball
3-2: Strikes out looking
Batting: RHB Pedro Longoria 0-0: Ball
1-0: Called Strike
1-1: Foul Ball, location: 2F
1-2: Strikes out swinging
Batting: LHB Sisto Pagnamenta 0-0: Ground out 4-3 (Groundball, 4)
Top of the 6th over - 0 runs, 0 hits, 0 errors, 0 left on base; Rocky Mountain 4 - Wizarding 2
BOTTOM OF THE 6TH
Wizarding Express batting - Pitching for Rocky Mountain Nuggets : LHP Carlos Medina
Batting: SHB Salvador Trevino 0-0: Called Strike
0-1: Ball
1-1: Called Strike
1-2: Ball
2-2: Foul Ball, location: 2F
2-2: Strikes out swinging
Pitching: RHP Alfredo Hernández
Batting: SHB Jake Richardson 0-0: Called Strike
0-1: SINGLE (Line Drive, 9LS)
Batting: LHB David Breitling 0-0: Fly out, F9 (Flyball, 9)
Batting: LHB José Corona 0-0: Ball
1-0: Fly out, F6 (Popup, P)
Bottom of the 6th over - 0 runs, 1 hit, 0 errors, 1 left on base; Rocky Mountain 4 - Wizarding 2
TOP OF THE 7TH
Rocky Mountain Nuggets batting - Pitching for Wizarding Express : LHP Jorge Cedeño
Batting: RHB Luis Ríos 0-0: Called Strike
0-1: Ball
1-1: Ball
2-1: Ball
3-1: Ground out 4-3 (Groundball, 4)
Batting: RHB Wrangler Haresnape 0-0: Called Strike
0-1: Ball
1-1: Foul Ball, location: 2F
1-2: Fly out, F8 (Flyball, 89D)
Batting: RHB Ed Adams 0-0: Foul Ball, location: 2F
0-1: Ball
1-1: Called Strike
1-2: Foul Ball, location: 2F
1-2: Strikes out looking
Top of the 7th over - 0 runs, 0 hits, 0 errors, 0 left on base; Rocky Mountain 4 - Wizarding 2
BOTTOM OF THE 7TH
Wizarding Express batting - Pitching for Rocky Mountain Nuggets : RHP Alfredo Hernández
Batting: RHB Frank Grimes 0-0: DOUBLE (Line Drive, 78XD)
Batting: RHB António Martínez 0-0: Ball
1-0: Called Strike
1-1: Ball
2-1: Swinging Strike
2-2: Ball
3-2: Base on Balls
Batting: RHB Ralph Cranford 0-0: Swinging Strike
0-1: Ball
1-1: Ball
2-1: Foul Ball, location: 2F
2-2: Strikes out swinging
Batting: LHB Nathan Tanner 0-0: Hit by Pitch
Frank Grimes to third
António Martínez to second
Batting: RHB Paul Penrice 0-0: Ball
1-0: SINGLE (Line Drive, 6M)
Frank Grimes scores
António Martínez to third
Nathan Tanner to second
Runner from 3rd tries for Home, SAFE, no throw
Pitching: LHP Rafael Rivera
Batting: SHB Salvador Trevino 0-0: Ball
1-0: Ball
2-0: Fly out, F4 (Line Drive, 4)
Batting: SHB Jake Richardson 0-0: Called Strike
0-1: Swinging Strike
0-2: Ball
1-2: Ball
2-2: Strikes out looking
Bottom of the 7th over - 2 runs, 2 hits, 0 errors, 2 left on base; Rocky Mountain 4 - Wizarding 4
TOP OF THE 8TH
Rocky Mountain Nuggets batting - Pitching for Wizarding Express : LHP Jorge Cedeño
Pitching: RHP Marcos Oquendo
Batting: RHB Paco Muñóz 0-0: Called Strike
0-1: Fly out, F6 (Popup, 6MS)
Pinch Hitting: LHB Dong-jin Kim 0-0: Ball
1-0: Ball
2-0: Ball
3-0: Called Strike
3-1: SOLO HOME RUN (Flyball, 89XD), Distance : 376 ft
Batting: RHB Sergio Martínez 0-0: Foul Ball, location: 2F
0-1: Ball
1-1: Ball
2-1: Swinging Strike
2-2: Strikes out swinging
Batting: RHB John Burton 0-0: Foul Ball, location: 2F
0-1: Ball
1-1: Ball
2-1: Ball
3-1: Foul Ball, location: 2F
3-2: Base on Balls
Batting: RHB Pedro Longoria 0-0: Ball
1-0: Foul Ball, location: 2F
1-1: Swinging Strike
1-2: Fielders Choice at 2nd, 5-4 (Groundball, 5)
Top of the 8th over - 1 run, 1 hit, 0 errors, 1 left on base; Rocky Mountain 5 - Wizarding 4
BOTTOM OF THE 8TH
Wizarding Express batting - Pitching for Rocky Mountain Nuggets : LHP Rafael Rivera
Now at 2B: Tony Hernández
Batting: LHB David Breitling 0-0: Fly out, F6 (Line Drive, 6)
Batting: LHB José Corona 0-0: Reached on error, E4 (Groundball, 4S)
Batting: RHB Frank Grimes 0-0: Called Strike
0-1: Ball
1-1: Foul Ball, location: 2F
1-2: Foul Ball, location: 2F
1-2: Strikes out swinging
Batting: RHB António Martínez 0-0: Foul Ball, location: 2F
0-1: Foul Ball, location: 2F
0-2: Foul Ball, location: 2F
0-2: Ground out 5-3 (Groundball, 56)
Bottom of the 8th over - 0 runs, 0 hits, 1 error, 1 left on base; Rocky Mountain 5 - Wizarding 4
TOP OF THE 9TH
Rocky Mountain Nuggets batting - Pitching for Wizarding Express : RHP Marcos Oquendo
Pitching: LHP Dorian Daly
Batting: LHB Sisto Pagnamenta 0-0: Ball
1-0: Ball
2-0: Ball
3-0: Called Strike
3-1: Fly out, F7 (Flyball, 78S)
Batting: RHB Luis Ríos 0-0: Called Strike
0-1: Swinging Strike
0-2: Strikes out swinging
Batting: RHB Wrangler Haresnape 0-0: Called Strike
0-1: Ball
1-1: Ball
2-1: Ball
3-1: Fly out, F9 (Flyball, 9S)
Top of the 9th over - 0 runs, 0 hits, 0 errors, 0 left on base; Rocky Mountain 5 - Wizarding 4
BOTTOM OF THE 9TH
Wizarding Express batting - Pitching for Rocky Mountain Nuggets : LHP Rafael Rivera
Pitching: RHP Tsugahara Hori
Batting: RHB Ralph Cranford 0-0: Called Strike
0-1: Reached on error, E6 (Groundball, 6)
Batting: LHB Nathan Tanner 0-0: Called Strike
0-1: Ground out U3 (Groundball, 3)
Ralph Cranford to third
Batting: RHB Paul Penrice 0-0: Fly out, F5 (Popup, 56S)
Batting: SHB Salvador Trevino 0-0: Ball
1-0: Ball
2-0: Foul Ball, location: 2F
2-1: Ball
3-1: Swinging Strike
3-2: Foul Ball, location: 2F
3-2: Fly out, F8 (Flyball, 8LS)
Bottom of the 9th over - 0 runs, 0 hits, 1 error, 1 left on base; Rocky Mountain 5 - Wizarding 4
Tuesday, June 12th, 2018 - OOTP Baseball 18.8 Build 76